 Dungeon Crawl Stone Soup version 0.31-a0-765-g67fe2935dc (webtiles) character file.

Game seed: 12840240480874315516

7619 Hubris850 the Grappler (level 10, -5/71 HPs)
             Began as a Red Draconian Shapeshifter on Sept 15, 2023.
             Was a Follower of Uskayaw.
             Succumbed to barbed spike wounds
             ... on level 9 of the Dungeon.
             The game lasted 00:23:20 (7012 turns).

Hubris850 the Grappler (Red Draconian Shapeshifter) Turns: 7012, Time: 00:23:21

Health: -5/71      AC:  9    Str: 17    XL:     10   Next: 98%
Magic:  10/10      EV: 25    Int: 12    God:    Uskayaw [*.....]
Gold:   354        SH:  0    Dex: 13    Spells: 9/9 levels left

rFire   + .          .
                       - Unarmed
rCold   . . .        q - melded +1 buckler
rNeg    . . .        (body armour unavailable)
rPois   .            (helmet restricted)
rElec   .            w - +0 cloak
rCorr   .            t - +0 pair of gloves
SInv    .            (no boots)
Will    .....        h - amulet of regeneration
Stlth   +            d - +5 ring of evasion
HPRegen 1.11/turn    y - +5 ring of evasion
MPRegen 0.12/turn

%: no passive effects
@: about to teleport, flux-form, spiked, glowing, studying Shields
A: glow, contaminating, breathe fire, AC +7, unfitting armour, fire resistance
1, cold-blooded
a: Breathe Fire, Begin Untransformation, Renounce Religion, Stomp


You were on level 9 of the Dungeon.
You worshipped Uskayaw.
Uskayaw was noncommittal.
You were something dangerously unstable.
You visited 1 branch of the dungeon, and saw 9 of its levels.

You collected 354 gold pieces.

Inventory:

Hand Weapons
 e - a +0 rapier
 r - a +3 war axe of venom
Missiles
 l - 20 poisoned darts
 n - 2 throwing nets
 D - 3 datura-tipped darts
 H - a curare-tipped dart
Armour
 p - a +0 kite shield
 q - a +1 buckler (melded)
 t - a +0 pair of gloves (worn)
 w - a +0 cloak (worn)
Magical Staves
 z - a staff of air
Jewellery
 d - a +5 ring of evasion (left hand)
 h - an amulet of regeneration (around neck)
 i - a ring of willpower
 m - a ring of ice
 o - an amulet of guardian spirit
 y - a +5 ring of evasion (right hand)
Talismans
 b - a beast talisman
 c - a flux talisman (active)
Wands
 F - a wand of quicksilver (11)
 J - a wand of digging (5)
Scrolls
 g - 2 scrolls of revelation
 u - a scroll of enchant armour
 v - 3 scrolls of fog
 A - a scroll of teleportation
 B - a scroll of brand weapon
 C - 2 scrolls of poison
 I - 3 scrolls of fear
Potions
 a - 4 potions of lignification
 f - 4 potions of curing
 j - 4 potions of heal wounds
 k - a potion of might {unknown}
 s - a potion of resistance {unknown}
 x - 2 potions of enlightenment {unknown}
 E - a potion of brilliance {unknown}
 G - a potion of magic {unknown}


   Skills:
 - Level 1.1 Fighting
 + Level 7.5 Dodging
 - Level 6.0 Shields
 + Level 10.6 Unarmed Combat
 + Level 9.9 Shapeshifting


You had 9 spell levels left.
You didn't know any spells.
Your spell library contained the following spells:

 Spells                   Type           Power      Damage    Failure   Level
 Kiss of Death            Conj/Necr      0%         2d5       32%         1
 Call Canine Familiar     Summ           0%         N/A       69%         3
 Confusing Touch          Hex            0%         N/A       69%         3
 Ignite Poison            Fire/Tmut/Pois 0%         N/A       69%         3
 Sigil of Binding         Hex            0%         N/A       69%         3
 Volatile Blastmotes      Fire/Tloc      0%         2d10      69%         3
 Dimensional Bullseye     Hex/Tloc       0%         N/A       97%         4
 Dispel Undead            Necr           0%         3d6       97%         4
 Fulminant Prism          Conj/Hex       0%         3d5       97%         4
 Iskenderun's Mystic Bla  Conj/Tloc      0%         2d3       97%         4
 Leda's Liquefaction      Hex/Erth       0%         N/A       97%         4
 Sticky Flame             Conj/Fire      0%         2d3       97%         4
 Ignition                 Fire           0%         3d3       100%        8


Dungeon Overview and Level Annotations

Branches:
Dungeon (9/15)             Temple (0/1) D:7            Lair (0/5) D:8
    Orc: D:9-12

Altars:
Cheibriados
Ru
Uskayaw
Wu Jian
Zin

Shops:
D:5 !   D:6 (

Annotations:
D:8 exclusion: ice statue


Innate Abilities, Weirdness & Mutations

You are something dangerously unstable.
You glow with magical radiation, making you easy to see and hit.
Foes you strike become dangerously contaminated with magical radiation.
You are incapable of wielding weapons or throwing items.
You can breathe blasts of fire.
Your fiery red scales are hard. (AC +7)
You cannot fit into any form of body armour.
Your flesh is heat resistant. (rF+)
You are cold-blooded and may be slowed by cold attacks.


Message History

The ball of steam misses you.
A smoke demon comes into view.
The red devil moves out of view.
The steam dragon moves out of view.
Found 19 gold pieces.
Found a scroll of teleportation.
The red devil hits you from afar with a +0 trident!!
Barbed spikes become lodged in your body.
The steam dragon misses you. x2
The smoke demon gestures at you. Something smites you!
You hit the steam dragon but do no damage.
The steam dragon begins to glow.
The red devil hits you from afar with a +0 trident.
Barbed spikes become lodged in your body.
The steam dragon bites you! The steam dragon closely misses you.
A red devil comes into view. It is wielding a +0 trident.
You barely miss the steam dragon. You tail-slap the steam dragon.
The steam dragon is lightly wounded.
The red devil completely misses you. The steam dragon completely misses you.
The steam dragon closely misses you.
You barely miss the steam dragon.
The steam dragon is lightly wounded.
You punch the steam dragon!
The steam dragon glows dangerously bright.
You tail-slap the steam dragon, but do no damage.
The steam dragon is moderately wounded.
The red devil hits you from afar with a +0 trident!
* * * LOW HITPOINT WARNING * * *
Barbed spikes become lodged in your body.
The steam dragon breathes steam at you. The ball of steam misses you.
You hear a shout!
As you read the scroll of teleportation, it crumbles to dust.
You feel strangely unstable.
The red devil hits you from afar with a +0 trident!!
* * * LOW HITPOINT WARNING * * *
Barbed spikes become lodged in your body.
The steam dragon closely misses you. The steam dragon completely misses you.
The barbed spikes dig painfully into your body as you move.
You die...

#........# #)### ####.#####
#...# ###...#### #######'####
##........###.......)..#
#.........#.+..........#####
#...§.......#.#..........'..#.
............#.#.........)##.#.
....#§≈.....)§#..........##.#.
..≈≈≈##≈≈...§B#.>........##.'.
.≈#≈#.###≈..§§#.........<####.
#≈..!≈##4D..######+##### #.
≈≈.≈≈.≈3.$.# .. 3..≈4≈##..# ..
$§§§.#≈..# ... .§≈§# #..# ...
.§§§ ...# .... ?§§ ...#


You could see a smoke demon, 2 red devils and a steam dragon (heavy contam,
catching breath).

Vanquished Creatures
  A hydra (D:8)
  A two-headed ogre (D:9)
  A kobold demonologist (D:9)
  8 ice devils (D:8)
  A troll (D:8)
  A shadow (D:7)
  2 wyverns
  A steam dragon (D:8)
  Menkaure (D:5)
  A water moccasin (D:4)
  3 ice beasts
  3 black bears
  A sky beast (D:7)
  The ghost of blessed the Chopper, an amateur HOGl (D:3)
  2 ogres
  4 centaurs
  4 kobold brigands
  A bullfrog (D:6)
  3 scorpions
  6 wights
  3 howler monkeys (D:8)
  2 quasits (D:7)
  4 hounds
  6 orc priests
  5 iguanas
  A gnoll bouda (D:5)
  9 orc wizards
  14 gnolls
  8 adders
  5 shadow imps (D:7)
  9 ufetubi
  2 dart slugs (D:2)
  40 orcs
  4 endoplasms
  4 giant cockroaches
  14 goblins
  7 hobgoblins
  6 jackals (D:1)
  3 quokkas
  8 ball pythons
  2 bats
  5 frilled lizards
  35 kobolds
  6 rats
248 creatures vanquished.

Notes
Turn   | Place    | Note
-------+----------+-------------------------------------------
     0 | D:1      | Hubris850 the Draconian Shapeshifter began the quest for
                  | the Orb.
     0 | D:1      | Reached XP level 1. HP: 16/16 MP: 1/1
   140 | D:1      | Reached XP level 2. HP: 23/23 MP: 2/2
   251 | D:1      | You fall into a shaft and drop 1 floor!
   386 | D:1      | Reached XP level 3. HP: 28/28 MP: 3/3
   490 | D:1      | Found a faded altar of an unknown god.
   515 | D:1      | Prayed at the altar of an unknown god.
   515 | D:1      | Became a worshipper of Uskayaw the Reveller
   515 | D:1      | Reached * piety under Uskayaw
   870 | D:2      | Found a glowing silver altar of Zin.
  1220 | D:3      | Found a runed translucent gate.
  1221 | D:3      | Found a runed translucent gate.
  1221 | D:3      | Noticed blessed's ghost (amateur HOGl)
  1222 | D:3      | Found a runed translucent gate.
  1658 | D:3      | Reached ** piety under Uskayaw
  1663 | D:3      | Reached XP level 4. HP: 24/35 MP: 4/4
  1669 | D:3      | Reached *** piety under Uskayaw
  1672 | D:3      | Reached **** piety under Uskayaw
  1846 | D:3      | Reached skill level 4 in Unarmed Combat
  2046 | D:3      | Reached XP level 5. HP: 40/40 MP: 5/5
  2646 | D:4      | Reached skill level 1 in Shields
  3037 | D:4      | Found an ornate altar of the Wu Jian Council.
  3068 | D:4      | Found a snail-covered altar of Cheibriados.
  3084 | D:4      | Reached XP level 6. HP: 47/47 MP: 6/6
  3244 | D:5      | Entered Level 5 of the Dungeon
  3425 | D:3      | Killed blessed's ghost
  3558 | D:5      | Noticed a water moccasin
  3570 | D:4      | Killed a water moccasin
  3571 | D:4      | Reached skill level 5 in Unarmed Combat
  3629 | D:5      | Your scales start taking on a fiery red colour.
  3629 | D:5      | Reached XP level 7. HP: 49/52 MP: 7/7
  3629 | D:5      | Gained mutation: Your flesh is heat resistant. (rF+) [Red
                  | Draconian growth]
  3651 | D:5      | Identified the +1 leather armour of Existentialism {-Tele
                  | rPois rC+++ rN+++}
  3669 | D:5      | Reached skill level 5 in Shapeshifting
  3769 | D:5      | Noticed Menkaure
  3792 | D:5      | Reached skill level 5 in Shields
  3824 | D:5      | Killed Menkaure
  3825 | D:5      | HP: 2/52 [orc priest/nerve-wracking pain (9)]
  3829 | D:5      | Reached ***** piety under Uskayaw
  3906 | D:5      | Reached skill level 6 in Unarmed Combat
  3906 | D:5      | Reached XP level 8. HP: 59/59 MP: 8/8
  4121 | D:5      | Found Jahoh's Distillery.
  4736 | D:6      | Reached skill level 7 in Unarmed Combat
  4931 | D:6      | Found Mug Pot's Hydra Hut.
  4933 | D:6      | Noticed a six-headed hydra
  5254 | D:7      | Reached XP level 9. HP: 62/64 MP: 9/9
  5285 | D:7      | Reached skill level 8 in Unarmed Combat
  5473 | D:7      | Found a staircase to the Ecumenical Temple.
  5498 | D:7      | Found a sacrificial altar of Ru.
  5855 | D:8      | Reached skill level 5 in Dodging
  5884 | D:8      | Noticed an ice devil
  5886 | D:8      | Noticed an ice devil
  5887 | D:8      | Noticed an ice devil
  5889 | D:8      | Noticed an ice devil
  5890 | D:8      | Noticed an ice devil
  5896 | D:8      | Noticed an ice statue
  5925 | D:8      | Killed an ice devil
  5926 | D:8      | Reached skill level 9 in Unarmed Combat
  5930 | D:8      | Noticed an ice devil
  5941 | D:8      | Noticed an ice devil
  5962 | D:8      | Killed an ice devil
  5976 | D:8      | Noticed an ice devil
  5977 | D:8      | Killed an ice devil
  5978 | D:8      | Reached XP level 10. HP: 71/71 MP: 10/10
  6289 | D:8      | Found a staircase to the Lair.
  6338 | D:8      | Reached skill level 10 in Unarmed Combat
  6517 | D:8      | Noticed a seven-headed hydra
  6554 | D:8      | Killed a seven-headed hydra
  6828 | D:8      | Found the +1 robe of Vines {NoPotionHeal Regen++++}
  6962 | D:9      | Noticed a two-headed ogre
  6967 | D:9      | Killed a two-headed ogre
  7003 | D:9      | Noticed a smoke demon
  7011 | D:9      | HP: 2/71 [red devil/+0 trident (18)]
  7012 | D:9      | Succumbed to barbed spike wounds

Illustrated notes

Levels and vault maps discovered:
D:1:      reono_arrival_mine, layout_loops_ring,
          chequers_ecumenical_altar_simple_redux
D:2:      layout_rooms, basic_altar, kennysheep_generic_room_13
D:3:      layout_basic, biasface_ghost_orc_armoury, supply_closet_lemuel
D:4:      layout_gridville, mainiacjoe_overflow_two_lobes,
          nicolae_twisty_statue_hallways
D:5:      kennysheep_kobold_camp, layout_rooms, kennysheep_small_circle,
          uniq_menkaure
D:6:      layout_basic, doesnt_shop_hydraphobe
D:7:      layout_basic, mainiacjoe_overflow_alcove_2, temple_doors_e,
          serial_demonic, serial_demonic_c, serial_demonic_c, serial_demonic_c,
          serial_demonic_d, serial_demonic_g, serial_demonic_c,
          serial_demonic_b, serial_demonic_d, hex_intersection
D:8:      cheibrodos_frozen_isle, layout_gridville, lair_entry_dummy,
          hellmonk_guarded_unrand_vines
D:9:      layout_roguey, minmay_holes, nicolae_where_there's_smoke, uniq_erolcha

Skill      XL: |  1  2  3  4  5  6  7  8  9 10 |
---------------+-------------------------------+-----
Dodging        | 2 3 5 7 |  7.5
Unarmed Combat | 4 5 6 7 9 10 | 10.6
Shapeshifting  | 4 5 7 8 9 |  9.9
Shields        | 2 4 6 |  6.0
Fighting       | |  1.1

Action                     |  1- 3 |  4- 6 |  7- 9 | 10-12 || total
---------------------------+-------+-------+-------+-------++-------
  Melee: Unarmed           |   133 |   169 |   363 |   114 ||   779
         Tailslap          |    15 |    20 |    61 |    24 ||   120
         Punch             |     3 |     1 |       |       ||     4
 Invoke: Stomp             |       |     1 |     1 |       ||     2
Ability: Breathe Fire      |       |       |    12 |    14 ||    26
         Begin Untransform |       |       |     1 |       ||     1
    Use: Scroll            |     1 |     3 |     5 |     1 ||    10
         Potion            |       |     1 |     3 |       ||     4
   Stab: Paralysed         |       |     3 |    16 |     6 ||    25
 Armour: Skin              |    48 |    81 |   180 |    35 ||   344
  Dodge: Dodged            |    95 |    89 |   384 |   114 ||   682
  Block: Buckler           |       |    37 |    39 |       ||    76
   Form: Flux              |       |       |     1 |       ||     1

Table legend: (Time is in decaauts)
 A = Elapsed time spent in this place.
 B = Non-inter-level travel time spent in this place.
 C = Inter-level travel time spent in this place.
 D = Time resting spent in this place.
 E = Time spent auto-exploring this place.
 F = Levels seen in this place.
 G = Mean time per level.
                   A        B        C        D        E       F      G
               +--------+--------+--------+--------+--------+-----+--------+
         Total |   6928 |   6579 |    349 |    366 |   4357 |   9 |  769.8 |
       Dungeon |   6928 |   6579 |    349 |    366 |   4357 |   9 |  769.8 |
               +--------+--------+--------+--------+--------+-----+--------+

Top non-repeatable levels by time:
     D:3: 1490 daAuts
     D:8: 1058 daAuts
     D:5: 1020 daAuts
     D:4: 956 daAuts
     D:1: 666 daAuts
     D:7: 641 daAuts
     D:6: 522 daAuts
     D:2: 489 daAuts
     D:9: 82 daAuts
